 Dungeon Crawl Stone Soup version 0.28.0-43-g3370ac3207 (webtiles) character file.

Game seed: 4282948444883161984

530 nickcage the Spear-Bearer (level 7, -1/57 HPs)
             Began as a Minotaur Fighter on Mar 14, 2022.
             Shot with an arrow by a centaur (2 damage)
             ... on level 5 of the Dungeon.
             The game lasted 00:07:43 (4374 turns).

nickcage the Spear-Bearer (Minotaur Fighter)        Turns: 4374, Time: 00:07:44

Health: -1/57      AC:  8    Str: 22    XL:     7   Next: 3%
Magic:  6/6        EV:  9    Int:  5    God:
Gold:   232        SH:  4    Dex: 10    Spells: 6/6 levels left

rFire   . . .      SeeInvis .   a - +0 trident
rCold   . . .      Faith    .   c - +0 buckler
rNeg    . . .      Spirit   .   b - +0 scale mail
rPois   .          Reflect  .   (helmet restricted)
rElec   .          Harm     .   (no cloak)
rCorr   .          Rampage  .   (no gloves)
Will    .....                   i - +0 pair of boots
Stlth   ..........              (no amulet)
HPRegen 0.19/turn               (no ring)
MPRegen 0.10/turn               (no ring)

@: no status effects
A: horns 2, retaliatory headbutt
a: no special abilities


You were on level 5 of the Dungeon.
You visited 1 branch of the dungeon, and saw 5 of its levels.

You collected 232 gold pieces.

Inventory:

Hand Weapons
 a - a +0 trident (weapon)
Missiles
 g - 3 poisoned darts
 j - 2 curare-tipped darts (quivered)
Armour
 b - a +0 scale mail (worn)
 c - a +0 buckler (worn)
 i - a +0 pair of boots (worn)
Jewellery
 h - a ring of resist corrosion
Wands
 t - a wand of iceblast (21)
Scrolls
 e - 2 scrolls of identify
 k - a scroll of enchant weapon {unknown}
 l - a scroll of torment {unknown}
 m - a scroll of brand weapon {unknown}
 n - 2 scrolls of magic mapping {unknown}
 p - 2 scrolls of teleportation {unknown}
 q - 2 scrolls of enchant armour {unknown}
 s - a scroll of fear {unknown}
 u - a scroll of fog {unknown}
 x - a scroll of noise {unknown}
Potions
 d - a potion of might
 f - a potion of resistance {unknown}
 o - a potion of flight
 r - a potion of haste
 v - a potion of ambrosia {unknown}
 w - a potion of degeneration {unknown}


   Skills:
 - Level 3.6 Fighting
 + Level 9.2 Polearms
 - Level 0.4 Throwing
 - Level 3.6 Armour
 - Level 3.6 Shields


You had 6 spell levels left.
You didn't know any spells.
Your spell library contained the following spells:

 Spells                   Type           Power      Damage    Failure   Level
 Summon Small Mammal      Summ           0%         N/A       88%         1
 Call Canine Familiar     Summ           0%         N/A       99%         3
 Gell's Gravitas          Tloc           0%         N/A       99%         3
 Lesser Beckoning         Tloc           0%         N/A       99%         3
 Summon Guardian Golem    Hex/Summ       0%         N/A       99%         3
 Teleport Other           Tloc           0%         N/A       99%         3


Dungeon Overview and Level Annotations

Branches:
Dungeon (5/15)
 Temple: D:4-7

Altars:


Innate Abilities, Weirdness & Mutations

You have a pair of horns on your head.
You reflexively headbutt those who attack you in melee.


Message History

The phantom is severely damaged.
The ufetubus hits you but does no damage.
The ufetubus closely misses you. The phantom hits you.
You hit the phantom but do no damage. Your headbutt misses the phantom.
The phantom is severely damaged.
The ufetubus hits you. The ufetubus closely misses you.
You block the orc's attack.
The centaur wields a +0 shortbow of freezing.
It is covered in frost.
The centaur shoots an arrow.
The arrow hits you. The arrow freezes you.
You are too injured to fight recklessly!
The ufetubus hits you but does no damage.
The ufetubus misses you. The orc closely misses you.
The ufetubus hits you but does no damage. x2
The phantom barely misses you.
Found 21 stones.
The ufetubus hits you but does no damage. x2
You block the ufetubus's attack. The ufetubus hits you.
The ufetubus hits you but does no damage.
The ufetubus barely misses you. The ufetubus barely misses you.
You furiously retaliate!
You headbutt the ufetubus!
You kill the ufetubus!
The centaur shoots an arrow.
The arrow closely misses you.
The centaur shoots an arrow.
The arrow barely misses you.
The centaur shoots an arrow.
The arrow hits you. The arrow freezes you.
The centaur shoots an arrow.
The arrow hits you but does no damage.
The centaur shoots an arrow.
The arrow hits you.
* * * LOW HITPOINT WARNING * * *
The arrow freezes you.
* * * LOW HITPOINT WARNING * * *
The centaur shoots an arrow.
The arrow barely misses you.
The centaur shoots an arrow.
The arrow hits you!
* * * LOW HITPOINT WARNING * * *
The arrow freezes you.
* * * LOW HITPOINT WARNING * * *
The centaur shoots an arrow.
The arrow hits you.
* * * LOW HITPOINT WARNING * * *
The arrow freezes you.
You die...

.#.#o.# ..# #.........#
Wo.##.###)## #(......###
..#.....)..####........#
#...#####............#....
..c##....c.W###...)).# ###
##..#.####....#.)>..)#
......# ####........#####
####.## #............# #..
####@........# ##.#
#####.....# . ## ..
#.....##.. .## #.#
#......<.# ..# .#
#.....#### ..# .#
#........# ..#
########.....##.# ..#
.........######.. ..##
######.........#


You could see a phantom and a centaur.

Vanquished Creatures
  Eustachio (D:4)
  A necrophage (D:4)
  An orc priest (D:5)
  Ijyb (D:4)
  2 orc wizards
  Robin (D:4)
  A gnoll (D:2)
  5 adders
  An ufetubus (D:5)
  A worm (D:4)
  2 dart slugs
  11 orcs
  10 endoplasms
  3 giant cockroaches
  11 goblins
  10 hobgoblins
  4 jackals
  7 quokkas
  6 ball pythons
  3 bats
  4 frilled lizards
  5 kobolds
  5 rats
96 creatures vanquished.

Vanquished Creatures (others)
  An orc wizard (D:5)
1 creature vanquished.

Grand Total: 97 creatures vanquished

Notes
Turn   | Place    | Note
-------+----------+-------------------------------------------
     0 | D:1      | nickcage the Minotaur Fighter began the quest for the Orb.
     0 | D:1      | Reached XP level 1. HP: 19/19 MP: 0/0
   133 | D:1      | Reached skill level 3 in Polearms
   239 | D:1      | Reached XP level 2. HP: 26/26 MP: 1/1
   454 | D:1      | Reached skill level 4 in Polearms
   955 | D:2      | Reached XP level 3. HP: 31/31 MP: 2/2
  1227 | D:2      | Reached skill level 5 in Polearms
  1552 | D:2      | Reached XP level 4. HP: 39/39 MP: 3/3
  2165 | D:3      | Found a faded altar of an unknown god.
  2229 | D:3      | Reached skill level 6 in Polearms
  2792 | D:3      | Reached XP level 5. HP: 38/45 MP: 4/4
  3174 | D:4      | Noticed Ijyb
  3182 | D:4      | Killed Ijyb
  3446 | D:4      | Noticed Robin
  3467 | D:4      | Killed Robin
  3468 | D:4      | Reached skill level 7 in Polearms
  3790 | D:4      | Noticed Eustachio
  3820 | D:4      | Killed Eustachio
  3821 | D:4      | Reached skill level 8 in Polearms
  3821 | D:4      | Reached XP level 6. HP: 28/51 MP: 5/5
  4238 | D:5      | Entered Level 5 of the Dungeon
  4345 | D:5      | Reached skill level 9 in Polearms
  4347 | D:5      | Reached XP level 7. HP: 55/57 MP: 6/6
  4374 | D:5      | HP: 1/57 [centaur/arrow (5)]
  4374 | D:5      | Shot with an arrow by a centaur

Illustrated notes

Levels and vault maps discovered:
D:1:      erik_arrival_triangle_small, layout_loops_corners
D:2:      layout_loops_ring, kennysheep_potato
D:3:      layout_basic, chequers_ecumenical_altar_simple
D:4:      layout_loops_ring, uniq_eustachio, uniq_ijyb, uniq_robin
D:5:      layout_rooms, gammafunk_temple_overflow_pools

Skill      XL: |  1  2  3  4  5  6 |
---------------+-------------------+-----
Polearms       | 3 4 5 6 8 9 |  9.2
Fighting       | |  3.6
Throwing       | |  0.4
Armour         | |  3.6
Shields        | |  3.6

Action                   |  1- 3 |  4- 6 |  7- 9 || total
-------------------------+-------+-------+-------++-------
Melee: Trident           |    97 |   180 |     8 ||   285
       Headbutt          |     5 |    25 |     2 ||    32
Throw: Throwing net      |     1 |       |       ||     1
       Dart              |       |     3 |       ||     3
  Use: Scroll            |       |     5 |       ||     5
       Potion            |       |     1 |       ||     1
Armor: Scale mail        |    20 |    50 |    12 ||    82
Dodge: Dodged            |    23 |    42 |    12 ||    77
Block: Buckler           |    15 |    29 |     3 ||    47
